AoeStats
← 陈博士

Scandinavia

512559677Analyzed
1v1 RM · 8d ago on Oct 10, 2026· 28m 3s· 2 players
Game mode
Random Map
Map size
Tiny (2 player)
Population
200
Speed
Normal
Resources
Standard
Victory
Conquest
Starting age
Dark Age
Ending age
Imperial Age
RankedLock teamsTeams togetherTeam positionsShared explorationLock speedFull tech treeHidden civsTurbo modeCheats
Victory
Defeat
🇨🇿 Vietnamese · Czechia
837
+14
vs
🇨🇳 Huns · China
802
-14
陈博士
13:32 Feudal Age
14:03 Double-Bit Axe
14:01 Horse Collar
23:27 Wheelbarrow
25:11 Forging
26:04 Scale Barding Armor
Vorel
10:08 Feudal Age
10:16 Loom
10:27 Man-at-Arms
16:46 Double-Bit Axe
18:21 Horse Collar
22:50 Castle Age
21:31 Fletching
21:43 Padded Archer Armor
23:28 Forging
23:19 Scale Mail Armor
24:13 Gold Mining
25:11 Wheelbarrow
25:32 Bow Saw
26:23 Crossbowman
26:31 Long Swordsman
Connection lost

Rejoining the realm…

Still unreachable

The connection could not be restored.

Session expired

The server has moved on; the page needs a fresh start.